 Dungeon Crawl Stone Soup version 0.27.0-1-g7a089689b8 (webtiles) character file.

Game seed: 1952950347075770282

66 ryw the Changer (level 4, -5/38 HPs)
             Began as a Gnoll Wanderer on Aug 13, 2021.
             Killed from afar by a white imp (12 damage)
             ... with a puff of frost
             ... summoned by Natasha
             ... on level 2 of the Dungeon.
             The game lasted 00:02:28 (2461 turns).

ryw the Changer (Gnoll Wanderer)                    Turns: 2461, Time: 00:02:29

Health: -5/38      AC:  3    Str: 13    XL:     4   Next: 15%
Magic:  5/5        EV: 12    Int:  8    God:
Gold:   84         SH:  0    Dex: 14    Spells: 5/5 levels left

rFire    . . .     SeeInvis .   a - +0 dagger
rCold    . . .     Faith    .   (no shield)
rNeg     . . .     Spirit   .   e - +0 leather armour
rPois    .         Reflect  .   (no helmet)
rElec    .         Harm     .   (no cloak)
rCorr    .         Rampage  .   (no gloves)
Will     .....                  (no boots)
Stlth    ++........             (no amulet)
HPRegen  0.12/turn              (no ring)
MPRegen  0.09/turn              (no ring)

@: no status effects
A: fangs 1, strong nose, distributed training
a: no special abilities


You were on level 2 of the Dungeon.
You visited 1 branch of the dungeon, and saw 2 of its levels.

You collected 84 gold pieces.

Inventory:

Hand Weapons
 a - a +0 dagger (weapon)
Missiles
 b - 2 throwing nets
 g - 2 boomerangs (quivered)
Armour
 e - a +0 leather armour (worn)
Wands
 i - a wand of flame (19)
Scrolls
 c - a scroll of teleportation
 f - a scroll of fog {unknown}
Potions
 h - 2 potions of degeneration {unknown}


   Skills:
 + Level 4.6 Fighting
 + Level 2.7 Short Blades
 + Level 1.0 Long Blades
 + Level 1.0 Axes
 + Level 1.0 Maces & Flails
 + Level 1.0 Polearms
 + Level 1.0 Staves
 + Level 1.0 Slings
 + Level 1.0 Bows
 + Level 1.0 Crossbows
 + Level 1.0 Throwing
 + Level 1.0 Armour
 + Level 2.7 Dodging
 + Level 4.2 Stealth
 + Level 1.0 Shields
 + Level 1.0 Unarmed Combat
 + Level 1.0 Spellcasting
 + Level 0.8 Conjurations
 + Level 0.8 Hexes
 + Level 0.8 Summonings
 + Level 0.8 Necromancy
 + Level 0.8 Translocations
 + Level 5.4 Transmutations
 + Level 0.8 Fire Magic
 + Level 0.8 Ice Magic
 + Level 0.8 Air Magic
 + Level 0.8 Earth Magic
 + Level 0.8 Poison Magic
 + Level 1.1 Invocations
 + Level 2.7 Evocations


You had 5 spell levels left.
You didn't know any spells.
Your spell library was empty.

Dungeon Overview and Level Annotations

Branches:
Dungeon (2/15)

Altars:

Annotations:
D:2 Natasha


Innate Abilities, Weirdness & Mutations

You have very sharp teeth.
Your uncanny sense of smell can sniff out nearby items.
Your experience applies equally to all skills.


Message History

Natasha is moderately wounded.
The white imp hits you but does no damage.
Natasha claws you but does no damage.
You hit Natasha. Your bite misses Natasha.
Natasha is heavily wounded.
The white imp gestures at you. The puff of frost hits you.
The white imp barely misses you.
You hit Natasha but do no damage.
Natasha is heavily wounded.
Natasha closely misses you. The white imp barely misses you. x2
You barely miss Natasha. Your bite misses Natasha.
Natasha is heavily wounded.
Natasha casts a spell at you. The magic dart hits you.
The white imp hits you but does no damage.
The white imp hits you. The white imp freezes you.
You barely miss Natasha.
Natasha is heavily wounded.
Natasha barely misses you. The white imp closely misses you.
The white imp barely misses you.
You completely miss Natasha.
Natasha is heavily wounded.
Natasha closely misses you. The white imp barely misses you.
The white imp gestures at you. The puff of frost hits you.
You barely miss Natasha.
Natasha is heavily wounded.
Natasha barely misses you. The white imp gestures at you.
The puff of frost hits you.
* * * LOW HITPOINT WARNING * * *
You hit Natasha.
Natasha is severely wounded.
The white imp misses you.
Natasha drinks a potion.
Natasha is healed!
The white imp barely misses you.
Unknown command.
The white imp barely misses you. The white imp gestures at you.
The puff of frost hits you!
You die...

#........####.##
#.##.........##
#.##.#.....#.#
#.##.##......##
#.##.###.###..##
####.##.# #.# #.#..
#.....#.###.###.###
#.....#....÷.÷..#
#.@...####...####
#5h5..###.....##
#.....##...)...##
#....###.........###
#.......'.........+..
##....###.........###
##.#.# ##.......## ..
.. ##.....## .# .#
##...##


You could see Natasha and 2 white imps.

Vanquished Creatures
  A hound (D:2)
  An adder (D:2)
  A dart slug (D:1)
  3 endoplasms
  2 giant cockroaches
  5 goblins
  A hobgoblin (D:1)
  A quokka (D:1)
  2 ball pythons
  2 bats
  2 frilled lizards
  2 kobolds
  A rat (D:2)
24 creatures vanquished.

Notes
Turn   | Place    | Note
-------+----------+-------------------------------------------
     0 | D:1      | ryw the Gnoll Wanderer began the quest for the Orb.
     0 | D:1      | ryw set off with the following items: a +0 dagger, 3
                  | throwing nets, a scroll of teleportation, a potion of
                  | lignification, a +0 leather armour
     0 | D:1      | Reached XP level 1. HP: 20/20 MP: 1/1
   107 | D:1      | HP: 1/20 [quokka (4)]
   480 | D:1      | Found a faded altar of an unknown god.
   837 | D:1      | Reached XP level 2. HP: 20/26 MP: 2/2
  1602 | D:2      | Reached XP level 3. HP: 10/31 MP: 3/3
  2073 | D:2      | Reached skill level 1 in Long Blades
  2073 | D:2      | Reached skill level 1 in Axes
  2073 | D:2      | Reached skill level 1 in Maces & Flails
  2073 | D:2      | Reached skill level 1 in Polearms
  2073 | D:2      | Reached skill level 1 in Staves
  2073 | D:2      | Reached skill level 1 in Slings
  2073 | D:2      | Reached skill level 1 in Bows
  2073 | D:2      | Reached skill level 1 in Crossbows
  2073 | D:2      | Reached skill level 1 in Throwing
  2073 | D:2      | Reached skill level 1 in Armour
  2073 | D:2      | Reached skill level 1 in Shields
  2073 | D:2      | Reached skill level 1 in Unarmed Combat
  2073 | D:2      | Reached skill level 1 in Spellcasting
  2073 | D:2      | Reached skill level 1 in Invocations
  2073 | D:2      | Reached XP level 4. HP: 4/38 MP: 5/5
  2445 | D:2      | Noticed Natasha
  2461 | D:2      | Killed from afar by a white imp

Illustrated notes

Levels and vault maps discovered:
D:1:      kilobyte_arrival_exit_the_forest, layout_loops_ring,
          basic_ecumenical_altar
D:2:      layout_loops_corners, uniq_natasha

Skill      XL: |  1  2  3 |
---------------+----------+-----
Long Blades    | 1 |  1.0
Axes           | 1 |  1.0
Maces & Flails | 1 |  1.0
Polearms       | 1 |  1.0
Staves         | 1 |  1.0
Slings         | 1 |  1.0
Bows           | 1 |  1.0
Crossbows      | 1 |  1.0
Throwing       | 1 |  1.0
Armour         | 1 |  1.0
Shields        | 1 |  1.0
Unarmed Combat | 1 |  1.0
Spellcasting   | 1 |  1.0
Invocations    | 1 |  1.1
Fighting       | |  4.6
Short Blades   | |  2.7
Dodging        | |  2.7
Stealth        | |  4.2
Conjurations   | |  0.8
Hexes          | |  0.8
Summonings     | |  0.8
Necromancy     | |  0.8
Translocations | |  0.8
Transmutations | |  5.4
Fire Magic     | |  0.8
Ice Magic      | |  0.8
Air Magic      | |  0.8
Earth Magic    | |  0.8
Poison Magic   | |  0.8
Evocations     | |  2.7

Action                   |  1- 3 |  4- 6 || total
-------------------------+-------+-------++-------
Melee: Dagger            |   114 |    32 ||   146
       Bite              |     8 |     2 ||    10
       Punch             |     2 |       ||     2
Throw: Throwing net      |     1 |       ||     1
       Boomerang         |       |     3 ||     3
  Use: Potion            |       |     1 ||     1
 Stab: Sleeping          |     7 |     1 ||     8
Armor: Leather armour    |    24 |     5 ||    29
       Skin              |       |     6 ||     6
Dodge: Dodged            |    59 |    22 ||    81
